 Dungeon Crawl Stone Soup version 0.30-a0-743-gbfdf073431 (webtiles) character file.

Game seed: 1564847442432196061

1556 Ijustatesigmund the Thaumaturge (level 8, -4/44 HPs)
             Began as a Deep Elf Conjurer on Feb 6, 2023.
             Shot with an arrow by a centaur (12 damage)
             ... on level 7 of the Dungeon.
             The game lasted 00:14:23 (7213 turns).

Ijustatesigmund the Thaumaturge (Deep Elf Conjurer) Turns: 7213, Time: 00:14:23

Health: -4/44      AC:  2    Str:  4    XL:     8   Next: 58%
Magic:  40/40      EV: 12    Int: 26    God:
Gold:   356        SH:  0    Dex: 13    Spells: 16/24 levels left

rFire   . . .      SeeInvis .    l - +0 sling
rCold   . . .      Faith    .    (no shield)
rNeg    . . .      Spirit   .    a - +0 robe
rPois   .          Reflect  .    (no helmet)
rElec   .          Harm     .    (no cloak)
rCorr   .          Rampage  .    (no gloves)
Will    .....                    (no boots)
Stlth   ++                       (no amulet)
HPRegen 0.27/turn                p - ring of magical power
MPRegen 0.27/turn                u - ring of magical power

@: no status effects
A: no striking features
a: no special abilities


You were on level 7 of the Dungeon.
You visited 1 branch of the dungeon, and saw 7 of its levels.

You collected 356 gold pieces.

Inventory:

Hand Weapons
 c - a +2 short sword of draining
 k - the +6 falchion "Tecucvua" {heavy, *Corrode rF+ Int+3 Stlth+}
   (You found it on level 4 of the Dungeon)

   Int:       It affects your intelligence (+3).
   rF:        It protects you from fire.
   *Corrode:  It may corrode you when you take damage.
   Stlth:     It makes you more stealthy.
 l - a +0 sling (weapon)
Armour
 a - a +0 robe (worn)
Jewellery
 m - the amulet "Bayte" {Faith Str+4}
   (You found it on level 2 of the Dungeon)

   [amulet of faith]

   It allows you to gain divine favour quickly.
   Str:       It affects your strength (+4).
 p - a ring of magical power (left hand)
 u - a ring of magical power (right hand)
 w - a ring of protection from fire
Wands
 f - a wand of acid (8)
Scrolls
 e - 3 scrolls of teleportation
 i - 2 scrolls of immolation
Potions
 b - a potion of magic
 d - 3 potions of attraction
 g - 3 potions of haste
 j - 2 potions of brilliance
 o - 3 potions of curing
 q - 2 potions of ambrosia
 r - 2 potions of berserk rage
 t - a potion of degeneration {unknown}


   Skills:
 - Level 2.1 Fighting
 - Level 2.2 Ranged Weapons
 - Level 2.4 Dodging
 - Level 2.4 Stealth
 + Level 8.9 Spellcasting
 + Level 7.3 Conjurations
 + Level 6.2 Earth Magic
 + Level 0.0 Evocations


You had 16 spell levels left.
You knew the following spells:

 Your Spells              Type           Power      Damage    Failure   Level
a - Magic Dart            Conj           100%       1d8       1%          1
b - Searing Ray           Conj           98%        2d8       1%          2
c - Stone Arrow           Conj/Erth      94%        3d12      1%          3
d - Passwall              Tmut/Erth      22%        N/A       2%          2

Your spell library contained the following spells:

 Spells                   Type           Power      Damage    Failure   Level
 Dazzling Flash           Conj/Hex       60%        N/A       3%          3
 Beastly Appendage        Tmut           22%        N/A       5%          1
 Ensorcelled Hibernation  Hex/Ice        22%        N/A       8%          2
 Wereblood                Tmut           11%        N/A       8%          2
 Fulminant Prism          Conj/Hex       15%        3d10      11%         4
 Iskenderun's Mystic Bla  Conj/Tloc      30%        2d8       11%         4
 Animate Armour           Summ/Erth      54%        N/A       14%         4
 Spider Form              Tmut/Pois      11%        N/A       16%         3
 Swiftness                Air            11%        N/A       16%         3
 Lehudib's Crystal Spear  Conj/Erth      23%        10d7      100%        8


Dungeon Overview and Level Annotations

Branches:
Dungeon (7/15)
 Temple: D:4-7

Altars:


Message History

Done exploring.
Done exploring.
Done exploring.
(D) Dungeon
Where to? (Enter - D:6, ? - help)
There is a stone staircase leading down here.
You climb downwards.
Found 17 gold pieces, a ring mail and a falchion.
There is a stone staircase leading up here.
(D) Dungeon
Where to? (Enter - D:7, ? - help)
Okay, then.
You now have 356 gold pieces (gained 17).
Found a stone staircase leading up.
Found a stone staircase leading down.
A centaur comes into view.
The centaur shouts!
You hear a shout!
The centaur wields a +0 shortbow.
The centaur shoots an arrow.
The arrow closely misses you.
The centaur shoots an arrow.
The arrow hits you!
The centaur shoots an arrow.
The arrow hits you!
An orc priest comes into view.
It is wielding a +0 hand axe of flaming.
The centaur shoots an arrow.
The arrow hits you!
Aiming: Corrosive Bolt
Press: ? - help, Shift-Dir - straight line, f - centaur
Aim: a centaur, wielding a +0 shortbow (83% to hit)
The bolt of acid hits the centaur!
The centaur is heavily wounded.
The orc priest shouts!
You hear a shout!
The centaur shoots an arrow.
The arrow hits you!
* * * LOW HITPOINT WARNING * * *
The centaur shoots an arrow.
The arrow barely misses you.
Okay, then.
As you read the scroll of fog, it crumbles to dust.
The scroll dissolves into smoke.
The orc priest calls down the wrath of Beogh upon you.
Pain shoots through your body!
* * * LOW HITPOINT WARNING * * *
You feel better.
The centaur shoots an arrow.
The arrow hits you!
You die...

.. #..#...#.# #.
#..#..... .#..#
#.###..#....###.#..#
#..##..#......#o#..#
#.[###.#.#..#.#<..c#
.#.<....#.#......c.###
...)..............§...
..##.###.#.#..§§#§§####.
# #.# #.#.#..§§@§§.....
#.# #.#.#..§§#§§##.#.
#.# #...##.###§.... #.#
######.. ....... #.#
#### #.##### .# .# .#


You could see a centaur and an orc priest.

Vanquished Creatures
  A sky beast (D:6)
  2 black bears
  2 ogres
  A phantom (D:4)
  A bullfrog (D:6)
  3 scorpions
  4 hounds
  2 jellies
  4 orc priests
  2 iguanas
  5 orc wizards
  13 adders
  7 gnolls
  A shadow imp (D:6)
  2 white imps (D:6)
  An ufetubus (D:5)
  A worm (D:2)
  3 dart slugs
  25 orcs
  4 ball pythons
  2 bats
  5 endoplasms
  4 giant cockroaches
  7 goblins
  7 hobgoblins
  5 jackals
  A quokka (D:2)
  4 frilled lizards
  8 kobolds
  4 rats
131 creatures vanquished.

Notes
Turn   | Place    | Note
-------+----------+-------------------------------------------
     0 | D:1      | Ijustatesigmund the Deep Elf Conjurer began the quest for
                  | the Orb.
     0 | D:1      | Reached XP level 1. HP: 10/10 MP: 6/6
   335 | D:1      | Reached XP level 2. HP: 15/15 MP: 1/8
   416 | D:1      | Learned a level 2 spell: Searing Ray
  1207 | D:2      | Reached skill level 4 in Spellcasting
  1207 | D:2      | Reached skill level 5 in Conjurations
  1207 | D:2      | Reached XP level 3. HP: 19/19 MP: 6/10
  1468 | D:2      | Identified the amulet "Bayte" {Faith Str+4}
  1910 | D:2      | Reached XP level 4. HP: 24/24 MP: 8/12
  2104 | D:2      | Learned a level 3 spell: Stone Arrow
  2359 | D:3      | Reached skill level 1 in Ranged Weapons
  2359 | D:3      | Reached skill level 5 in Spellcasting
  2359 | D:3      | Reached skill level 1 in Earth Magic
  2571 | D:3      | Reached XP level 5. HP: 28/28 MP: 11/14
  3450 | D:4      | Noticed an ogre
  3467 | D:4      | Killed an ogre
  3468 | D:4      | Reached skill level 1 in Fighting
  3468 | D:4      | Reached XP level 6. HP: 19/34 MP: 15/16
  3729 | D:4      | Reached skill level 6 in Spellcasting
  4413 | D:4      | Identified the +6 falchion "Tecucvua" {heavy, *Corrode rF+
                  | Int+3 Stlth+}
  4677 | D:5      | Entered Level 5 of the Dungeon
  4681 | D:5      | Learned a level 2 spell: Passwall
  4803 | D:5      | Reached XP level 7. HP: 40/40 MP: 17/18
  5023 | D:5      | Reached skill level 7 in Spellcasting
  5516 | D:5      | Reached skill level 5 in Earth Magic
  5530 | D:5      | Reached XP level 8. HP: 39/44 MP: 16/21
  5786 | D:5      | Reached skill level 8 in Spellcasting
  7212 | D:7      | HP: 1/44 [orc priest/nerve-wracking pain (4)]
  7213 | D:7      | Shot with an arrow by a centaur

Illustrated notes

Levels and vault maps discovered:
D:1:      minmay_arrival_cross, layout_basic, serial_bayou_pond_c,
          minmay_misc_feat_iff
D:2:      layout_loops_corners, minmay_misc_feat_cross
D:3:      layout_basic
D:4:      layout_gridville
D:5:      layout_basic, grunt_ministairs_8, hangedman_decor_riveting
D:6:      layout_gridville
D:7:      layout_basic, nicolae_overflow_crystal_walls,
          mainiacjoe_overflow_alcove_3, mainiacjoe_overflow_tiny_flanked,
          minmay_temple_entry_large_hall, serial_shops, shop,
          palyth_stone_intersect, minivault_26, uniq_pikel

Skill      XL: |  1  2  3  4  5  6  7  8 |
---------------+-------------------------+-----
Spellcasting   | 4 5 6 7 8 |  8.9
Conjurations   | 5 6 7 |  7.3
Ranged Weapons | 1 2 |  2.2
Earth Magic    | 1 2 3 5 6 |  6.2
Fighting       | 1 2 |  2.1
Dodging        | |  2.4
Stealth        | |  2.4

Action                     |  1- 3 |  4- 6 |  7- 9 || total
---------------------------+-------+-------+-------++-------
   Fire: Sling             |    14 |    76 |    38 ||   128
   Cast: Magic Dart        |    51 |     6 |    52 ||   109
         Searing Ray       |     3 |    24 |    23 ||    50
         Stone Arrow       |       |    11 |    18 ||    29
  Evoke: Wand              |       |       |     1 ||     1
    Use: Scroll            |     6 |     5 |     8 ||    19
         Potion            |       |       |     4 ||     4
 Armour: Robe              |       |     8 |     9 ||    17
  Dodge: Dodged            |     6 |    13 |    37 ||    56

Table legend: (Time is in decaauts)
 A = Elapsed time spent in this place.
 B = Non-inter-level travel time spent in this place.
 C = Inter-level travel time spent in this place.
 D = Time resting spent in this place.
 E = Time spent auto-exploring this place.
 F = Levels seen in this place.
 G = Mean time per level.
                   A        B        C        D        E       F      G
               +--------+--------+--------+--------+--------+-----+--------+
         Total |   7265 |   6986 |    279 |   1387 |   4810 |   7 | 1037.9 |
       Dungeon |   7265 |   6986 |    279 |   1387 |   4810 |   7 | 1037.9 |
               +--------+--------+--------+--------+--------+-----+--------+

Top non-repeatable levels by time:
     D:5: 1406 daAuts
     D:4: 1381 daAuts
     D:2: 1156 daAuts
     D:6: 1121 daAuts
     D:1: 1093 daAuts
     D:3: 1088 daAuts
     D:7: 18 daAuts
